 Seeded DCSS version 0.30.1-9-gdf580d7c3d (webtiles) character file.

Game seed: 6526443369228387388 (custom seed)

86 Psyclone the Conjurer (level 4, 24/24 HPs)
             Began as a Deep Elf Conjurer on Sept 26, 2023.
             Quit the game on level 3 of the Dungeon.
             The game lasted 00:02:52 (1992 turns).

Psyclone the Conjurer (Deep Elf Conjurer)           Turns: 1992, Time: 00:02:53

Health: 24/24      AC:  2    Str:  4    XL:     4   Next: 27%
Magic:  12/12      EV: 12    Int: 25    God:
Gold:   119        SH:  0    Dex: 13    Spells: 9/12 levels left

rFire   . . .        (no weapon)
rCold   . . .        (no shield)
rNeg    . . .        a - +0 robe
rPois   .            (no helmet)
rElec   .            (no cloak)
rCorr   .            (no gloves)
SInv    .            (no boots)
Will    .....        (no amulet)
Stlth   ++           (no ring)
HPRegen 0.24/turn    (no ring)
MPRegen 0.13/turn

%: no passive effects
@: no status effects
A: no striking features
a: no special abilities


You were on level 3 of the Dungeon.
You visited 1 branch of the dungeon, and saw 3 of its levels.

You collected 119 gold pieces.

Inventory:

Armour
 a - a +0 robe (worn)
Scrolls
 c - a scroll of teleportation {unknown}
 d - 3 scrolls of identify {unknown}
 e - 2 scrolls of fear {unknown}
 f - 2 scrolls of enchant armour {unknown}
 g - a scroll of noise {unknown}
Potions
 b - 2 potions of magic
 h - 3 potions of curing {unknown}
 i - a potion of mutation {unknown}


   Skills:
 - Level 2.4 Dodging
 - Level 2.4 Stealth
 + Level 4.9 Spellcasting
 + Level 5.4 Conjurations


You had 9 spell levels left.
You knew the following spells:

 Your Spells              Type           Power      Damage    Failure   Level
a - Magic Dart            Conj           100%       1d8       1%          1
b - Searing Ray           Conj           66%        2d6       1%          2

Your spell library contained the following spells:

 Spells                   Type           Power      Damage    Failure   Level
 Dazzling Flash           Conj/Hex       38%        N/A       9%          3
 Fulminant Prism          Conj/Hex       9%         3d7       26%         4
 Iskenderun's Mystic Bla  Conj/Tloc      19%        2d6       26%         4


Dungeon Overview and Level Annotations

Branches:
Dungeon (3/15) Zot: 16008

Altars:
Vehumet


Message History

Casting: Magic Dart (safe; 1% risk of failure)
Confirm with . or Enter, or press ? or * to list all spells.
Aiming: Magic Dart (safe; 1% risk of failure)
Press: ? - help, Shift-Dir - straight line, f - adder
Aim: an adder (100% to hit)
The magic dart hits the adder!
The adder is heavily wounded.
You now have 10/12 mp.
Casting: Magic Dart (safe; 1% risk of failure)
Confirm with . or Enter, or press ? or * to list all spells.
Aiming: Magic Dart (safe; 1% risk of failure)
Press: ? - help, Shift-Dir - straight line, f/p - adder
Aim: an adder (heavily wounded, 100% to hit)
The magic dart hits the adder!
You kill the adder!
You now have 9/12 mp.
Casting: Magic Dart (safe; 1% risk of failure)
Confirm with . or Enter, or press ? or * to list all spells.
You can't see any susceptible monsters within range! (Use Z to cast anyway.) Unknown command.
There is an open door here.
You open the door.
There is an open door here.
Done exploring.
MP restored: 12 Done exploring.
Okay, then.
Okay, then.
(D) Dungeon
Where to? (Enter - D:2, ? - help)
There is an open door here.
You open the door.
There is an open door here.
There is a stone staircase leading down here.
You climb downwards.
The orc priest shouts!
The frilled lizard hisses angrily.
The orc shouts!
You hear a shout!
There is a stone staircase leading up here.
There are monsters nearby!
Are you sure you want to abandon this character and quit the game? (Confirm with "yes".)

## ##
##.o#####..##
#....o......#
♣..@..♣
#...o.......#
##l.#####..##
## ##


You could see an orc priest, 2 orcs and a frilled lizard.

Vanquished Creatures
  3 adders (D:2)
  A gnoll (D:1)
  A dart slug (D:1)
  A worm (D:2)
  2 bats
  6 endoplasms
  2 giant cockroaches (D:2)
  3 goblins
  4 hobgoblins (D:1)
  A jackal (D:2)
  4 kobolds
  4 quokkas
  4 ball pythons
  3 frilled lizards (D:2)
  3 rats
42 creatures vanquished.

Notes
Turn   | Place    | Note
-------+----------+-------------------------------------------
     0 | D:1      | Psyclone the Deep Elf Conjurer began the quest for the Orb.
     0 | D:1      | Reached XP level 1. HP: 10/10 MP: 6/6
   251 | D:1      | Reached XP level 2. HP: 15/15 MP: 5/8
   526 | D:1      | Reached skill level 5 in Conjurations
   526 | D:1      | Reached XP level 3. HP: 19/19 MP: 8/10
   932 | D:2      | Found a radiant altar of Vehumet.
  1159 | D:2      | Learned a level 2 spell: Searing Ray
  1647 | D:2      | Reached XP level 4. HP: 24/24 MP: 6/12
  1728 | D:2      | Found a faded altar of an unknown god.
  1992 | D:3      | Quit the game

Illustrated notes

Levels and vault maps discovered:
D:1:      dpeg_arrival_rooms_a, layout_rooms, nicolae_grassy_gnolls
D:2:      layout_loops_corners, basic_altar, ebering_ecumenical_altar_ruins,
          kennysheep_generic_room_10
D:3:      layout_loops_cross, grunt_ministairs_15, item_on_display_a, uniq_ijyb

Skill      XL: |  1  2 |
---------------+-------+-----
Spellcasting   | 4 |  4.9
Conjurations   | 5 |  5.4
Dodging        | |  2.4
Stealth        | |  2.4

Action                     |  1- 3 |  4- 6 || total
---------------------------+-------+-------++-------
  Melee: Unarmed           |     2 |       ||     2
   Cast: Magic Dart        |    69 |     5 ||    74
         Searing Ray       |     4 |       ||     4
   Stab: Sleeping          |     1 |       ||     1
  Dodge: Dodged            |     6 |       ||     6
